 Dungeon Crawl Stone Soup version 0.30.1-11-g7821555f0a (webtiles) character file.

Game seed: 4301374689245498107

768 Wiggles the Chopper (level 7, -8/93 HPs)
             Began as a Minotaur Berserker on Dec 6, 2023.
             Was a Priest of Trog.
             Mangled by Duvessa
             ... wielding a +0 short sword
              (16 damage)
             ... on level 5 of the Dungeon.
             The game lasted 00:04:10 (2885 turns).

Wiggles the Chopper (Minotaur Berserker)            Turns: 2885, Time: 00:04:10

Health: -8/93      AC:  0    Str: 23    XL:     7   Next: 52%
Magic:  6/6        EV: 20    Int:  4    God:    Trog [***...]
Gold:   50         SH:  5    Dex: 15    Spells: 6/6 levels left

rFire   . . .        a - melded +0 hand axe
rCold   . . .        (shield currently unavailable)
rNeg    . . .        d - melded +0 chain mail
rPois   .            (helmet currently unavailable)
rElec   .            r - melded +0 cloak
rCorr   .            (gloves currently unavailable)
SInv    .            g - melded +0 pair of boots
Will    .....        q - amulet of reflection Stlth
                     p - melded +6 ring of dexterity
HPRegen 0.35/turn    (ring currently unavailable)
MPRegen 0.10/turn

%: reflection
@: berserking, bat-form, flying, very quick
A: fast, flying, no casting, tiny, (horns 2), (retaliatory headbutt)
a: Renounce Religion, Berserk, Trog's Hand


You were on level 5 of the Dungeon.
You worshipped Trog.
Trog was most pleased with you.
You were a bat.
You visited 1 branch of the dungeon, and saw 5 of its levels.

You collected 155 gold pieces.
You spent 105 gold pieces at shops.

Inventory:

Hand Weapons
 a - a +0 hand axe (melded)
Armour
 d - a +0 chain mail (melded)
 g - a +0 pair of boots (melded)
 r - a +0 cloak (melded)
Jewellery
 p - a +6 ring of dexterity (melded)
 q - an amulet of reflection (around neck)
 t - a ring of ice
Scrolls
 b - a scroll of vulnerability {unknown}
 f - 2 scrolls of blinking {unknown}
 i - 5 scrolls of identify {unknown}
 j - 2 scrolls of magic mapping {unknown}
 l - a scroll of torment {unknown}
 n - 2 scrolls of poison {unknown}
 o - 2 scrolls of enchant armour
 v - a scroll of teleportation {unknown}
 w - a scroll of immolation {unknown}
 y - 2 scrolls of fear {unknown}
Potions
 c - 3 potions of invisibility {unknown}
 e - 3 potions of lignification {unknown}
 h - 4 potions of flight {unknown}
 k - a potion of attraction {unknown}
 m - a potion of resistance {unknown}
 s - a potion of might {unknown}
 u - a potion of haste {unknown}
 x - a potion of degeneration {unknown}
 z - 3 potions of heal wounds {unknown}
 A - 2 potions of ambrosia {unknown}


   Skills:
 + Level 5.7 Fighting
 + Level 7.1 Axes
 + Level 6.0 Armour
 + Level 3.6 Dodging
 + Level 0.5 Stealth
 + Level 0.8 Shields


You had 6 spell levels left.
You didn't know any spells.
Your spell library was empty.

Dungeon Overview and Level Annotations

Branches:
Dungeon (5/15)
 Temple: D:4-7

Altars:

Shops:
D:4 ?

Annotations:
D:5 Duvessa, Ijyb


Innate Abilities, Weirdness & Mutations

You are a bat.
You are tiny and dextrous.
You move quickly.
You are flying.
Your equipment is almost entirely melded.
You are incapable of wielding weapons or throwing items.
You cannot cast spells.
((You have a pair of horns on your head.))
((You reflexively headbutt those who attack you in melee.))


Message History

Dowan is almost dead.
You barely miss Dowan.
Dowan is almost dead.
Ijyb hits you with a +3 club! Dowan completely misses you.
You barely miss Dowan.
Dowan is almost dead.
Ijyb closely misses you.
Duvessa says, "Practise, practise, practise!
One day you'll be as good as me."
You hit Duvessa.
Duvessa is lightly wounded.
Ijyb hits you with a +3 club. Dowan misses you. Duvessa closely misses you.
A red film seems to cover your vision as you go berserk!
You feel yourself moving faster!
You feel mighty! Ijyb misses you. Dowan completely misses you.
Duvessa hits you with a +0 short sword.
You bite Dowan!
You kill Dowan!
Trog accepts your kill.
Trog appreciates your killing of a magic user.
Duvessa screams in rage.
Duvessa goes berserk!
Duvessa hits you with a +0 short sword!
* * * LOW HITPOINT WARNING * * *
Ijyb hits you with a +3 club.
* * * LOW HITPOINT WARNING * * *
Your Axes skill increases to level 7!
Your Armour skill increases to level 6!
Duvessa barely misses you.
Items here: ! ) / [.
You hit Ijyb.
Ijyb is moderately wounded.
You block Ijyb's attack. Duvessa hits you with a +0 short sword!
* * * LOW HITPOINT WARNING * * *
You hit Ijyb but do no damage.
Ijyb is moderately wounded.
You block Duvessa's attack.
You bite Ijyb!
Ijyb is heavily wounded.
Ijyb misses you.
You bite Ijyb!
Ijyb is almost dead.
Duvessa hits you with a +0 short sword!
You die...

######...#####..###
##........##
####.#..#####
#######>...##.#
##.......#####.# ##
##..####### #.# ...
...## #.# .... .###
#.###.....
.##############.bg......
............>....e......
###################.....
.... ... .. .


You could see Duvessa (berserk) and Ijyb.

Vanquished Creatures
  2 ogres
  A kobold brigand (D:5)
  A scorpion (D:5)
  Dowan (D:5)
  Crazy Yiuf (D:3)
  2 hounds
  An orc priest (D:3)
  Jessica (D:3)
  3 iguanas (D:4)
  Robin (D:3)
  4 gnolls (D:3)
  5 adders
  2 worms (D:2)
  3 dart slugs
  12 orcs
  5 endoplasms
  4 giant cockroaches
  13 hobgoblins
  3 quokkas (D:1)
  9 ball pythons
  4 bats
  3 frilled lizards
  12 goblins
  9 kobolds
  5 rats
107 creatures vanquished.

Notes
Turn   | Place    | Note
-------+----------+-------------------------------------------
     0 | D:1      | Wiggles the Minotaur Berserker began the quest for the Orb.
     0 | D:1      | Reached XP level 1. HP: 19/19 MP: 0/0
   132 | D:1      | Reached XP level 2. HP: 27/27 MP: 1/1
   149 | D:1      | Reached skill level 4 in Axes
   546 | D:1      | Reached ** piety under Trog
   558 | D:1      | Found a faded altar of an unknown god.
   651 | D:2      | Reached XP level 3. HP: 33/33 MP: 2/2
  1061 | D:2      | Reached XP level 4. HP: 36/41 MP: 3/3
  1205 | D:3      | Noticed Robin
  1220 | D:3      | Killed Robin
  1220 | D:3      | Reached *** piety under Trog
  1400 | D:3      | Reached XP level 5. HP: 47/47 MP: 4/4
  1410 | D:3      | Reached skill level 5 in Axes
  1704 | D:3      | Found a runed translucent door.
  1705 | D:3      | Noticed Crazy Yiuf
  1712 | D:3      | Killed Crazy Yiuf
  1940 | D:3      | Noticed Jessica
  1944 | D:3      | Killed Jessica
  1945 | D:3      | Reached skill level 5 in Fighting
  2059 | D:4      | Noticed an ogre
  2068 | D:4      | Killed an ogre
  2069 | D:4      | Reached XP level 6. HP: 27/56 MP: 5/5
  2252 | D:4      | Found Zoenuje's Magic Scroll Boutique.
  2262 | D:4      | Bought a scroll of enchant armour for 105 gold pieces
  2272 | D:4      | Reached skill level 5 in Armour
  2326 | D:4      | Reached skill level 6 in Axes
  2602 | D:5      | Entered Level 5 of the Dungeon
  2608 | D:5      | Reached XP level 7. HP: 12/61 MP: 6/6
  2867 | D:5      | Noticed Dowan
  2869 | D:5      | Noticed Ijyb
  2869 | D:5      | Noticed Duvessa
  2880 | D:5      | Killed Dowan
  2881 | D:5      | Reached skill level 7 in Axes
  2885 | D:5      | Mangled by Duvessa

Illustrated notes

Levels and vault maps discovered:
D:1:      elethiomel_arrival_maze, layout_basic,
          dreamdust_ecumenical_altar_grove
D:2:      layout_basic
D:3:      layout_basic, uniq_jessica, uniq_robin, uniq_crazy_yiuf_cottage
D:4:      layout_rooms, serial_shops, shop_fountains, wad_floor_pattern_1
D:5:      layout_rooms, minmay_temple_entry_wispy, minmay_hedge_maze,
          uniq_duvessa, uniq_ijyb

Skill      XL: |  1  2  3  4  5  6  7 |
---------------+----------------------+-----
Axes           | 4 5 6 7 |  7.1
Fighting       | 4 5 |  5.7
Armour         | 3 4 5 6 |  6.0
Dodging        | 3 |  3.6
Stealth        | |  0.5
Shields        | |  0.8

Action                     |  1- 3 |  4- 6 |  7- 9 || total
---------------------------+-------+-------+-------++-------
  Melee: Hand axe          |    75 |   105 |    16 ||   196
         Headbutt          |    11 |    19 |     4 ||    34
         Unarmed           |       |       |     9 ||     9
 Invoke: Berserk           |       |     4 |     1 ||     5
 Armour: Animal skin       |     4 |       |       ||     4
         Chain mail        |    27 |    56 |     7 ||    90
  Dodge: Dodged            |    41 |    54 |    14 ||   109
  Block: Other             |       |    10 |     7 ||    17
         Reflection        |       |       |     1 ||     1
